 Dungeon Crawl Stone Soup version 0.31-a0-1469-gd420192249 (webtiles) character file.

Game seed: 13512469074259007793

14896 Lobster4 the Nimble (level 12, -1/93 HPs)
             Began as a Merfolk Shapeshifter on Dec 29, 2023.
             Was an Elder of Nemelex Xobeh.
             Slain by a yak (15 damage)
             ... on level 12 of the Dungeon.
             The game lasted 00:39:17 (12911 turns).

Lobster4 the Nimble (Merfolk Shapeshifter)         Turns: 12911, Time: 00:39:17

Health: -1/93      AC:  7    Str: 16    XL:     12   Next: 21%
Magic:  16/16      EV: 19    Int: 11    God:    Nemelex Xobeh [****..]
Gold:   575        SH:  0    Dex: 24    Spells: 10/17 levels left

rFire   . . .        b - +9 sling "Ox" {drain, Will+ Dex+3}
rCold   . . .        (no shield)
rNeg    . . .        N - +0 acid dragon scales
rPois   .            m - melded +0 helmet
rElec   .            s - melded +0 cloak
rCorr   +            W - melded +0 pair of gloves
SInv    .            Q - melded +0 pair of boots
Will    ++...        X - amulet of magic regeneration
Stlth   ++           D - +6 ring of dexterity
HPRegen 0.35/turn    z - ring of willpower
MPRegen 0.55/turn

%: no passive effects
@: beast-form, studying Fire Magic
A: beast (slay +4), (nimble swimmer 2), mertail
a: Begin Untransformation, Renounce Religion, Draw Escape, Draw Destruction,
Draw Summoning, Triple Draw, Deal Four


You were on level 12 of the Dungeon.
You worshipped Nemelex Xobeh.
Nemelex Xobeh was greatly pleased with you.
You were a hulking beast.
You visited 1 branch of the dungeon, and saw 12 of its levels.

You collected 575 gold pieces.

Inventory:

Hand Weapons
 a - a +4 trident
 b - the +9 sling "Ox" (weapon) {drain, Will+ Dex+3}
   (You found it on level 4 of the Dungeon)

   Dex+3:     It affects your dexterity (+3).
   Will+:     It increases your willpower.
 f - a +1 dagger of freezing
 L - a +6 long sword
 Y - a +2 dagger of venom
 Z - the +5 orcbow of Ad Valorem {freeze, rPois}
   (You found it on level 9 of the Dungeon)

   rPois:     It protects you from poison
Missiles
 g - 5 atropa-tipped darts
 n - 32 poisoned darts
 v - 2 javelins
 A - 30 boomerangs
 V - 2 curare-tipped darts
Armour
 i - +0 steam dragon scales
 m - a +0 helmet (melded)
 s - a +0 cloak (melded)
 u - a +0 kite shield
 N - +0 acid dragon scales (worn)
 Q - a +0 pair of boots (melded)
 W - a +0 pair of gloves (melded)
Jewellery
 z - a ring of willpower (right hand)
 D - a +6 ring of dexterity (left hand)
 K - a ring of protection from cold
 X - an amulet of magic regeneration (around neck)
Talismans
 c - a beast talisman (active)
 d - a flux talisman
 H - a serpent talisman
 J - a blade talisman
Wands
 w - a wand of flame (52)
 C - a wand of roots (34)
 G - a wand of digging (5)
 I - a wand of mindburst (12)
 T - a wand of light (2)
Scrolls
 e - 3 scrolls of immolation
 p - a scroll of fog
 q - 5 scrolls of teleportation
 x - 4 scrolls of revelation
 y - 2 scrolls of blinking
 B - a scroll of amnesia
 F - a scroll of noise
 M - 2 scrolls of identify
 S - 3 scrolls of enchant weapon
Potions
 h - a potion of haste
 j - a potion of heal wounds
 k - 3 potions of enlightenment
 l - 4 potions of resistance
 o - 2 potions of might
 r - 2 potions of magic
 t - 2 potions of curing
 E - 4 potions of lignification
 O - a potion of mutation
 R - a potion of invisibility


   Skills:
 + Level 8.2 Fighting
 - Level 7.0 Polearms
 + Level 4.1 Ranged Weapons
 - Level 1.0 Throwing
 - Level 4.0 Armour
 + Level 10.0 Dodging
 - Level 2.0 Stealth
 + Level 8.7 Unarmed Combat
 - Level 3.0 Spellcasting
 + Level 2.8 Summonings
 + Level 5.0 Ice Magic
 - Level 5.0 Invocations
 - Level 3.0 Evocations
 + Level 9.6 Shapeshifting


You had 10 spell levels left.
You knew the following spells:

 Your Spells              Type           Power      Damage    Failure   Level
a - Freeze                Ice            48%        1d6       4%          1
b - Frozen Ramparts       Ice            24%        1d4       13%         3
g - Summon Ice Beast      Ice/Summ       10%        N/A       21%         3

Your spell library contained the following spells:

 Spells                   Type           Power      Damage    Failure   Level
 Ensorcelled Hibernation  Hex/Ice        14%        N/A       19%         2
 Magic Dart               Conj           4%         1d3       34%         1
 Necrotise                Necr           4%         1d4       34%         1
 Hailstorm                Conj/Ice       7%         3d5       36%         3
 Searing Ray              Conj           2%         2d4       45%         2
 Sublimation of Blood     Necr           1%         N/A       45%         2
 Passwall                 Erth           1%         N/A       71%         3
 Swiftness                Air            1%         N/A       71%         3
 Vampiric Draining        Necr           1%         2d6       71%         3
 Martyr's Knell           Necr/Summ      4%         N/A       89%         4
 Fulminant Prism          Conj/Alch      0%         3d5       98%         4
 Leda's Liquefaction      Alch/Erth      0%         N/A       98%         4
 Petrify                  Alch/Erth      1%         N/A       98%         4
 Metabolic Englaciation   Hex/Ice        3%         N/A       98%         5
 Summon Mana Viper        Hex/Summ       4%         N/A       99%         5
 Alistair's Intoxication  Alch           0%         N/A       100%        5
 Borgnjor's Vile Clutch   Necr/Erth      0%         N/A       100%        5
 Curse of Agony           Necr           1%         N/A       100%        5
 Irradiate                Conj/Alch      0%         3d11      100%        5
 Eringya's Noxious Bog    Alch           0%         4d6       100%        6
 Monstrous Menagerie      Summ           3%         N/A       100%        7


Dungeon Overview and Level Annotations

Branches:
Dungeon (12/15)            Temple (0/1) D:5            Lair (0/5) D:11
    Orc (0/2) D:9

Altars:
Ashenzari
Cheibriados
Gozag
Hepliaklqana
Kikubaaqudgha
Makhleb
Nemelex Xobeh
Okawaru
Sif Muna
Trog
Vehumet
Zin
The Shining One

Shops:
D:8 *

Portals:
Gauntlet: D:12

Annotations:
D:8 exclusions: centaur warrior, shadow and wraith


Innate Abilities, Weirdness & Mutations

You are a hulking beast.
Your limbs bulge with bestial killing power. (Slay +4)
((You are very nimble when in or above water. (Stealth+, EV+, Speed+++)))
Your lower body shifts to a powerful aquatic tail in water.


Message History

The yak gores you!
You shoot a sling bullet. The sling bullet hits the yak.
You drain the yak.
The yak is lightly wounded.
The yak barely misses you. The yak gores you.
You are too injured to fight recklessly!
You are too injured to fight recklessly!
You are too injured to fight recklessly!
You are too injured to fight recklessly!
You are too injured to fight recklessly!
You are too injured to fight recklessly!
You are too injured to fight recklessly!
You shoot a sling bullet.
The sling bullet completely misses the yak.
The yak misses you. The yak completely misses you.
You shoot a sling bullet. The sling bullet hits the yak.
You drain the yak.
The yak is moderately wounded.
The yak gores you. The yak gores you! The yak barely misses you.
The yak gores you!
* * * LOW HITPOINT WARNING * * *
You shoot a sling bullet. The sling bullet hits the yak!
You drain the yak.
The yak is heavily wounded.
The yak completely misses you. The yak gores you but does no damage.
You shoot a sling bullet. The sling bullet hits the yak.
You drain the yak.
The yak is almost dead.
The yak gores you!
* * * LOW HITPOINT WARNING * * *
The yak gores you.
* * * LOW HITPOINT WARNING * * *
You draw a card...
You have drawn Vitriol.
Press: ? - help, Shift-Dir - straight line, f/p - yak
Aim: a yak (almost dead, heavily drained)
The glob of acid hits the yak!!!!
The acid corrodes the yak!
You kill the yak!
The yak gores you.
* * * LOW HITPOINT WARNING * * *
You draw a card...
You have drawn Wild Magic.
The yak is jolted!
You feel a surge of magic. The yak gores you!
You die...
Your body glows slightly and disappears.

,....##*****,*
**#...# *,**###
###...### *,,,..#
........########.#
..........<......#
........#######..#
###..............#
* #...#########)[#
* ##### #.h# *
#.Y# * #..#** *
#...,* * #..†∩* *
#.##.* *
****#.#*.# *
*,,,..**.#
*,******,*


You could see a yak.

Vanquished Creatures
  4 two-headed ogres
  An oklob plant (D:11)
  2 manticores
  3 cyclopes
  5 trolls
  Prince Ribbit (D:6)
  2 wyverns
  2 wraiths
  10 yaks
  A vampire (D:9)
  8 vampire mosquitoes
  3 steam dragons
  An acid dragon (D:11)
  3 water moccasins
  Duvessa (D:7)
  An orc warrior (D:6)
  A sky beast (D:7)
  4 black bears
  4 ice beasts
  2 ogres
  6 centaurs
  2 phantoms
  4 kobold brigands
  3 bullfrogs
  A scorpion (D:5)
  8 wights
  Dowan (D:7)
  15 killer bees
  6 howler monkeys
  A bombardier beetle (D:4)
  7 hounds
  6 orc priests
  3 iguanas
  Jessica (D:2)
  2 sleepcaps
  Ijyb (D:4)
  10 orc wizards
  10 adders
  3 shadow imps
  4 white imps
  4 ufetubi
  3 worms (D:2)
  A dart slug (D:1)
  51 orcs
  4 bats
  8 endoplasms
  6 giant cockroaches
  5 hobgoblins
  10 jackals
  4 quokkas
  4 ball pythons
  6 frilled lizards
  7 goblins
  9 kobolds
  8 rats
283 creatures vanquished.

Vanquished Creatures (collateral kills)
  A gargoyle (D:11)
1 creature vanquished.

Grand Total: 284 creatures vanquished

Notes
Turn   | Place    | Note
-------+----------+-------------------------------------------
     0 | D:1      | Lobster4 the Merfolk Shapeshifter began the quest for the
                  | Orb.
     0 | D:1      | Reached XP level 1. HP: 15/15 MP: 1/1
   135 | D:1      | Reached XP level 2. HP: 20/21 MP: 2/2
   150 | D:1      | Reached skill level 3 in Dodging
   206 | D:1      | Reached skill level 1 in Stealth
   734 | D:1      | Reached XP level 3. HP: 27/27 MP: 3/3
  1488 | D:2      | Reached skill level 1 in Polearms
  1488 | D:2      | Reached XP level 4. HP: 27/33 MP: 4/4
  2027 | D:2      | Noticed Jessica
  2032 | D:2      | Killed Jessica
  2033 | D:2      | Reached XP level 5. HP: 31/39 MP: 5/5
  2943 | D:4      | Found a broken altar of Ashenzari.
  2943 | D:4      | Found an ancient bone altar of Kikubaaqudgha.
  2943 | D:4      | Found a snail-covered altar of Cheibriados.
  2944 | D:4      | Found a hazy altar of Hepliaklqana.
  2944 | D:4      | Found an opulent altar of Gozag.
  2944 | D:4      | Found a burning altar of Makhleb.
  2944 | D:4      | Found a sparkling altar of Nemelex Xobeh.
  2945 | D:4      | Found an iron altar of Okawaru.
  2962 | D:4      | Found a radiant altar of Vehumet.
  2966 | D:4      | Found a bloodstained altar of Trog.
  2967 | D:4      | Found a glowing golden altar of the Shining One.
  2983 | D:4      | Became a worshipper of Nemelex Xobeh the Trickster
  3058 | D:4      | Noticed a phantom
  3067 | D:3      | Reached skill level 4 in Dodging
  3189 | D:4      | Reached XP level 6. HP: 40/46 MP: 6/6
  3220 | D:4      | Reached skill level 1 in Evocations
  3297 | D:4      | Noticed a black bear
  3349 | D:4      | Noticed Ijyb
  3356 | D:4      | Reached skill level 1 in Invocations
  3360 | D:4      | Killed Ijyb
  3363 | D:4      | Found a shimmering blue altar of Sif Muna.
  3784 | D:4      | Reached skill level 5 in Shapeshifting
  3963 | D:4      | Identified the +9 sling "Ox" {drain, Will+ Dex+3}
  4064 | D:4      | Killed a black bear
  4065 | D:4      | Reached XP level 7. HP: 52/52 MP: 6/8
  4205 | D:5      | Entered Level 5 of the Dungeon
  4251 | D:5      | Noticed a two-headed ogre
  4251 | D:5      | Noticed a wyvern
  4317 | D:5      | Found a staircase to the Ecumenical Temple.
  4317 | D:5      | Reached * piety under Nemelex Xobeh
  4365 | D:5      | Killed a wyvern
  4366 | D:5      | Reached skill level 1 in Throwing
  4389 | D:5      | Reached skill level 5 in Dodging
  4389 | D:5      | Reached XP level 8. HP: 46/60 MP: 9/9
  4460 | D:5      | Reached skill level 1 in Ranged Weapons
  4512 | D:5      | Received a gift from Nemelex Xobeh
  4525 | D:5      | Reached skill level 1 in Armour
  4525 | D:5      | Reached skill level 5 in Unarmed Combat
  4580 | D:5      | Found a glowing silver altar of Zin.
  4704 | D:5      | Killed a two-headed ogre
  4705 | D:5      | Reached skill level 5 in Polearms
  4705 | D:5      | Reached XP level 9. HP: 66/66 MP: 11/11
  4709 | D:5      | Reached skill level 6 in Dodging
  5012 | D:6      | Reached skill level 5 in Fighting
  5257 | D:6      | Reached ** piety under Nemelex Xobeh
  5269 | D:6      | Learned a level 3 spell: Frozen Ramparts
  5301 | D:6      | Noticed Prince Ribbit
  5312 | D:6      | Killed Prince Ribbit
  5324 | D:6      | Reached skill level 1 in Ice Magic
  5690 | D:6      | Reached skill level 1 in Spellcasting
  6051 | D:7      | Received a gift from Nemelex Xobeh
  6100 | D:7      | Reached skill level 7 in Dodging
  6169 | D:7      | Reached XP level 10. HP: 74/74 MP: 13/13
  6401 | D:7      | Learned a level 1 spell: Freeze
  6531 | D:7      | Noticed Duvessa
  6533 | D:7      | Killed Duvessa
  6534 | D:7      | Reached skill level 5 in Invocations
  6543 | D:7      | Noticed Dowan
  6547 | D:7      | Killed Dowan
  6946 | D:8      | Found Zeenascho's General Store.
  7025 | D:8      | Reached *** piety under Nemelex Xobeh
  7252 | D:8      | Noticed a two-headed ogre
  7286 | D:8      | Killed a two-headed ogre
  7553 | D:8      | Noticed a centaur warrior
  7573 | D:8      | Noticed a manticore
  7587 | D:8      | Killed a manticore
  7851 | D:8      | Reached skill level 8 in Dodging
  8186 | D:8      | Received a gift from Nemelex Xobeh
  8720 | D:9      | Identified the +5 orcbow of Ad Valorem {freeze, rPois}
  8742 | D:9      | Reached XP level 11. HP: 52/83 MP: 15/15
  9256 | D:9      | Noticed a cyclops
  9261 | D:9      | Killed a cyclops
  9271 | D:9      | Found a staircase to the Orcish Mines.
  9396 | D:9      | Received a gift from Nemelex Xobeh
  9652 | D:9      | Noticed a two-headed ogre
  9707 | D:9      | Killed a two-headed ogre
  9740 | D:9      | Reached skill level 9 in Dodging
  9975 | D:10     | Entered Level 10 of the Dungeon
 10225 | D:10     | Received a gift from Nemelex Xobeh
 10288 | D:10     | Reached **** piety under Nemelex Xobeh
 10476 | D:10     | Learned a level 3 spell: Summon Ice Beast
 11519 | D:11     | Reached skill level 1 in Summonings
 11731 | D:11     | Received a gift from Nemelex Xobeh
 11815 | D:11     | Noticed a two-headed ogre
 11903 | D:11     | Noticed a cyclops
 11906 | D:11     | Killed a cyclops
 12046 | D:11     | Found a staircase to the Lair.
 12049 | D:11     | Noticed an oklob plant
 12140 | D:11     | Killed a two-headed ogre
 12406 | D:11     | Killed an oklob plant
 12407 | D:11     | Reached XP level 12. HP: 64/92 MP: 16/16
 12592 | D:12     | Received a gift from Nemelex Xobeh
 12597 | D:12     | Identified the +1 scale mail of Sophism {rElec rF- rC-
                  | Int+4}
 12864 | D:12     | Found a gate leading to a gauntlet.
 12904 | D:12     | Reached skill level 10 in Dodging
 12904 | D:12     | Reached skill level 5 in Ice Magic
 12911 | D:12     | Slain by a yak

Illustrated notes

Levels and vault maps discovered:
D:1:      eino_arrival_water_cross, layout_basic, minmay_fountain_box
D:2:      layout_basic, uniq_jessica
D:3:      layout_rooms
D:4:      layout_loops_cross, mainiacjoe_overflow_paths,
          nicolae_overflow_hallway_of_the_gods, kennysheep_generic_room_10,
          uniq_ijyb
D:5:      layout_rooms, zin_statuary, minmay_temple_entry_proselytizer,
          minmay_manual_monstrance
D:6:      layout_basic, uniq_prince_ribbit1
D:7:      layout_rooms, nicolae_elevator_lobby_plus, uniq_duvessa
D:8:      layout_loops_ring, serial_shops, nicolae_shop_gibbet_a_chance,
          minmay_shattered_shrine
D:9:      layout_roguey, erik_orc_3, minmay_fractal_squares_gapless_5
D:10:     layout_loops_ring, serial_rivers, chequers_serial_rivers_micro_b,
          chequers_serial_rivers_micro_b, chequers_serial_rivers_small_3,
          chequers_serial_rivers_room_b, chequers_serial_rivers_micro_e,
          chequers_serial_rivers_room_a
D:11:     layout_gridville, dpeg_oklobed_lair
D:12:     layout_loops_ring, gauntlet_entry_generic, dreamdust_wasp_nest

Skill      XL: |  1  2  3  4  5  6  7  8  9 10 11 12 |
---------------+-------------------------------------+-----
Dodging        | 3 4 5 7 8 9 10 | 10.0
Stealth        | 1 2 |  2.0
Fighting       | 2 3 4 5 6 7 8 |  8.2
Polearms       | 1 2 3 5 6 7 |  7.0
Unarmed Combat | 4 5 6 7 8 |  8.7
Evocations     | 1 2 3 |  3.0
Invocations    | 1 2 3 4 5 |  5.0
Shapeshifting  | 5 6 7 8 9 |  9.6
Throwing       | 1 |  1.0
Ranged Weapons | 1 3 4 |  4.1
Armour         | 1 2 3 4 |  4.0
Ice Magic      | 1 3 4 5 |  5.0
Spellcasting   | 1 3 |  3.0
Summonings     | 2 |  2.8

Action                     |  1- 3 |  4- 6 |  7- 9 | 10-12 || total
---------------------------+-------+-------+-------+-------++-------
  Melee: Unarmed           |    77 |       |       |   147 ||   224
         Punch             |     3 |     5 |       |     1 ||     9
         Trident           |    45 |   153 |       |    15 ||   213
         Tailslap          |       |       |       |     3 ||     3
   Fire: Sling             |       |       |   175 |   294 ||   469
  Throw: Dart              |       |    11 |     2 |     7 ||    20
 Invoke: Draw Destruction  |       |       |       |     5 ||     5
         Draw Escape       |       |       |       |     2 ||     2
         Draw Summoning    |       |       |       |     1 ||     1
  Evoke: Wand              |       |     9 |       |    12 ||    21
    Use: Scroll            |       |     5 |     5 |    14 ||    24
         Potion            |       |       |       |     3 ||     3
   Stab: Sleeping          |     1 |     3 |       |       ||     4
         Distracted        |     1 |       |       |       ||     1
 Armour: Animal skin       |    55 |    83 |    33 |       ||   171
         Leather armour    |       |       |     4 |    83 ||    87
         Skin              |       |       |       |    56 ||    56
         Steam dragon scal |       |       |       |    21 ||    21
         Acid dragon scale |       |       |       |    30 ||    30
  Dodge: Dodged            |    59 |   113 |    59 |   351 ||   582
   Form: Beast             |     3 |       |       |     4 ||     7
                           |     2 |       |       |     2 ||     4
         Flux              |       |       |       |     2 ||     2

Table legend: (Time is in decaauts)
 A = Elapsed time spent in this place.
 B = Non-inter-level travel time spent in this place.
 C = Inter-level travel time spent in this place.
 D = Time resting spent in this place.
 E = Time spent auto-exploring this place.
 F = Levels seen in this place.
 G = Mean time per level.
                   A        B        C        D        E       F      G
               +--------+--------+--------+--------+--------+-----+--------+
         Total |  13066 |  12403 |    663 |   3124 |   6469 |  12 | 1088.8 |
       Dungeon |  13066 |  12403 |    663 |   3124 |   6469 |  12 | 1088.8 |
               +--------+--------+--------+--------+--------+-----+--------+

Top non-repeatable levels by time:
     D:8: 1602 daAuts
     D:9: 1535 daAuts
    D:11: 1363 daAuts
     D:4: 1311 daAuts
     D:2: 1238 daAuts
    D:10: 1206 daAuts
     D:1: 1186 daAuts
     D:7: 1099 daAuts
     D:6: 1055 daAuts
     D:5: 757 daAuts
     D:3: 568 daAuts
    D:12: 141 daAuts
